 Dungeon Crawl Stone Soup version 0.26-a0-660-gc07710193c (webtiles) character file.

Game seed: 5069325677790266429

70 sahdkjhfkaj the Ruffian (level 4, -1/44 HPs)
             Began as a Troll Wanderer on Oct 5, 2020.
             Slain by a gnoll
             ... wielding a +0 spear
              (5 damage)
             ... on level 2 of the Dungeon.
             The game lasted 00:01:35 (1102 turns).

sahdkjhfkaj the Ruffian (Troll Wanderer)            Turns: 1102, Time: 00:01:35

Health: -1/44      AC:  6    Str: 20    XL:     4   Next: 4%
Magic:  3/3        EV:  7    Int: 10    God:
Gold:   59         SH:  7    Dex:  8    Spells: 3/3 levels left

rFire    . . .     SeeInvis .     - Unarmed
rCold    . . .     Faith    .   g - +0 kite shield
rNeg     . . .     Spirit   .   e - +0 robe
rPois    .         Reflect  .   (helmet restricted)
rElec    .         Harm     .   (no cloak)
rCorr    .         Rampage  .   (gloves unavailable)
MR       .....                  (boots unavailable)
Stlth    +.........             (no amulet)
HPRegen  0.54/turn              (no ring)
MPRegen  0.08/turn              (no ring)

@: no status effects
A: large, unfitting armour, claws 3, regeneration 1, shaggy fur 1, tough skin 3
a: no special abilities


You were on level 2 of the Dungeon.
You visited 1 branch of the dungeon, and saw 2 of its levels.

You collected 59 gold pieces.

Inventory:

Armour
 e - a +0 robe (worn)
 g - a +0 kite shield (worn)
Scrolls
 b - a scroll of amnesia {unknown}
 c - a scroll of teleportation
 d - a scroll of fog {unknown}
 f - 2 scrolls of remove curse {unknown}
 j - a scroll of magic mapping {unknown}
Potions
 a - a potion of lignification {unknown}
 h - a potion of heal wounds {unknown}
 i - a potion of degeneration {unknown}
 k - a potion of cancellation {unknown}
 l - a potion of curing {unknown}


   Skills:
 - Level 2.4 Fighting
   Level 1.5 Short Blades
   Level 1.0 Crossbows
 - Level 1.7 Throwing
 - Level 1.2 Dodging
 * Level 1.7 Shields
 + Level 2.8 Unarmed Combat


You had 3 spell levels left.
You didn't know any spells.
Your spell library was empty.

Dungeon Overview and Level Annotations

Branches:
Dungeon (2/15)

Altars:


Innate Abilities, Weirdness & Mutations

You are too large for most types of armour.
You have claws for hands.
Your natural rate of healing is unusually fast.
You are covered in fur. (AC +1)
You have extremely tough skin. (AC +3)


Message History

The gnoll closely misses you.
You claw the gnoll!
The gnoll is severely wounded.
The gnoll hits you with a +0 spear.
* * * LOW HITPOINT WARNING * * *
You barely miss the gnoll.
The gnoll is severely wounded.
The gnoll hits you with a +0 spear!
* * * LOW HITPOINT WARNING * * *
You scratch the gnoll but do no damage.
The gnoll is severely wounded.
You block the gnoll's attack.
You barely miss the gnoll.
The gnoll is severely wounded.
The gnoll hits you with a +0 spear.
* * * LOW HITPOINT WARNING * * *
You barely miss the gnoll.
The gnoll is severely wounded.
The gnoll hits you with a +0 spear.
You die...

............#
#...........#
#...........# #
#...........#
#.##...........#
#..†...........#
########...........#
........g.....#+#.
#####.#@#####.# #
#.# # #####+#.#
#.......# #.......#
#.......# #.......#
#.......# #.......#


You could see a gnoll.

Vanquished Creatures
  3 gnolls (D:2)
  2 leopard geckos
  A giant cockroach (D:1)
  8 hobgoblins
  A quokka (D:2)
  A bat (D:1)
  3 frilled lizards (D:1)
  7 goblins (D:1)
  6 kobolds
  7 rats
39 creatures vanquished.

Notes
Turn   | Place    | Note
-------+----------+-------------------------------------------
     0 | D:1      | sahdkjhfkaj the Troll Wanderer began the quest for the Orb.
     0 | D:1      | sahdkjhfkaj set off with the following items: a +2 hand
                  | crossbow, 27 bolts, a scroll of teleportation, a +0 short
                  | sword, a +0 robe
     0 | D:1      | Reached XP level 1. HP: 22/22 MP: 0/0
    57 | D:1      | Reached skill level 1 in Unarmed Combat
   249 | D:1      | Reached XP level 2. HP: 29/29 MP: 1/1
   770 | D:1      | Reached XP level 3. HP: 36/36 MP: 2/2
  1032 | D:2      | Reached skill level 1 in Shields
  1093 | D:2      | Reached XP level 4. HP: 18/44 MP: 3/3
  1102 | D:2      | Slain by a gnoll

Illustrated notes

Levels and vault maps discovered:
D:1:      minmay_arrival_three_doors, layout_basic, minivault_25
D:2:      layout_basic, lemuel_crystal_altar, lemuel_coloured_pillars_altar,
          amethyst_overflow_temple_binary, minmay_close_crescents

Skill      XL: |  1  2  3 |
---------------+----------+-----
Unarmed Combat | 1 2 |  2.8
Shields        | 1 |  1.7
Fighting       | |  2.4
Short Blades   | |  1.5
Crossbows      | |  1.0
Throwing       | |  1.7
Dodging        | |  1.2

Action                   |  1- 3 |  4- 6 || total
-------------------------+-------+-------++-------
Melee: Unarmed           |   120 |     8 ||   128
Armor: Robe              |    39 |       ||    39
Dodge: Dodged            |    35 |     2 ||    37
Block: Kite shield       |    15 |     2 ||    17

Table legend: (Time is in decaauts)
 A = Elapsed time spent in this place.
 B = Non-inter-level travel time spent in this place.
 C = Inter-level travel time spent in this place.
 D = Time resting spent in this place.
 E = Time spent auto-exploring this place.
 F = Levels seen in this place.
 G = Mean time per level.
                   A        B        C        D        E       F      G
               +--------+--------+--------+--------+--------+-----+--------+
         Total |   1105 |   1047 |     58 |      0 |    803 |   2 |  552.5 |
       Dungeon |   1105 |   1047 |     58 |      0 |    803 |   2 |  552.5 |
               +--------+--------+--------+--------+--------+-----+--------+

Top non-repeatable levels by time:
     D:1: 994 daAuts
     D:2: 111 daAuts
